 Dungeon Crawl Stone Soup version 0.22-a0-533-g4d20840 (webtiles) character file.

135 Gildeon the Chucker (level 5, 0/43 HPs)
             Began as a Gnoll Wanderer on June 22, 2018.
             Succumbed to a worker ant's poison
             ... on level 3 of the Dungeon.
             The game lasted 00:10:14 (2552 turns).

Gildeon the Chucker (Gnoll Wanderer)                Turns: 2552, Time: 00:10:15

Health: 0/43       AC:  2    Str: 20    XL:     5   Next: 18%
Magic:  9/9        EV: 14    Int: 18    God:
Gold:   93         SH:  0    Dex: 19    Spells: 6/10 levels left

rFire    . . .     SeeInvis .   a - +1 dagger (venom)
rCold    . . .     Gourm    .   (no shield)
rNeg     . . .     Faith    +   d - +0 robe
rPois    .         Spirit   .   (no helmet)
rElec    .         Reflect  .   (no cloak)
rCorr    .         Harm     .   (no gloves)
MR       .....                  (no boots)
Stlth    ++........             b - amulet of faith
HPRegen  0.14/turn              c - +3 ring of dexterity
MPRegen  0.11/turn              (no ring)

@: mighty, brilliant, lethally poisoned (0 -> -8)
A: distributed training, fangs 1, strong nose
a: no special abilities


You were on level 3 of the Dungeon.
You were not hungry.

You visited 1 branch of the dungeon, and saw 3 of its levels.

You collected 93 gold pieces.

Inventory:

Hand Weapons
 a - a +1 dagger of venom (weapon)
Missiles
 g - 5 needles of confusion
Armour
 d - a +0 robe (worn)
 l - a +0 leather armour
Jewellery
 b - an amulet of faith (around neck)
 c - a +3 ring of dexterity (left hand)
Scrolls
 e - a scroll of fog
 p - a scroll of magic mapping {unknown}
 q - 2 scrolls of immolation {unknown}
Potions
 j - a potion of magic {unknown}
 k - a potion of haste
 m - a potion of ambrosia {unknown}
 o - a potion of might
Comestibles
 f - 11 rations
 n - 4 chunks of flesh


   Skills:
 + Level 4.7 Fighting
 + Level 1.3 Short Blades
 + Level 1.3 Long Blades
 + Level 1.3 Axes
 + Level 1.3 Maces & Flails
 + Level 1.3 Polearms
 + Level 1.3 Staves
 + Level 1.3 Slings
 + Level 1.3 Bows
 + Level 1.3 Crossbows
 + Level 4.7 Throwing
 + Level 1.3 Armour
 + Level 2.9 Dodging
 + Level 2.7 Stealth
 + Level 1.3 Shields
 + Level 2.9 Unarmed Combat
 + Level 3.1 Spellcasting
 + Level 1.1 Conjurations
 + Level 1.1 Hexes
 + Level 3.9 Charms
 + Level 1.1 Summonings
 + Level 1.1 Necromancy
 + Level 1.1 Translocations
 + Level 1.1 Transmutations
 + Level 1.1 Fire Magic
 + Level 1.1 Ice Magic
 + Level 1.1 Air Magic
 + Level 1.1 Earth Magic
 + Level 1.1 Poison Magic
 + Level 1.5 Invocations
 + Level 1.3 Evocations


You had 6 spell levels left.
You knew the following spells:

 Your Spells              Type           Power        Failure   Level  Hunger
a - Apportation           Tloc           ###...       1%          1    None
b - Lesser Beckoning      Tloc           ###.......   3%          3    ###....

Your spell library contained the following spells:

 Spells                   Type           Power        Failure   Level  Hunger


Dungeon Overview and Level Annotations

Branches:
Dungeon (3/15)

Altars:
Zin


Innate Abilities, Weirdness & Mutations

Your experience applies equally to all skills.
You have very sharp teeth.
Your uncanny sense of smell can sniff out nearby items.


Message History

You feel sick.
You hit the worker ant.
The worker ant looks as sick as possible!
The worker ant is heavily wounded.
* * * LOW HITPOINT WARNING * * *
You feel sick.
You kill the worker ant!
You have reached level 5!
The frilled lizard bites you but does no damage.
It was a potion of might.
You feel very mighty all of a sudden.
* * * LOW HITPOINT WARNING * * *
You feel sick. The frilled lizard barely misses you.
You completely miss the frilled lizard.
* * * LOW HITPOINT WARNING * * *
You feel sick. The frilled lizard bites you.
* * * LOW HITPOINT WARNING * * *
It was a potion of brilliance.
You feel clever all of a sudden.
You die...

...........................
.##>.##.[.....<....<.......
###.###)..................
....###................#
.......................#
.#..####..............#
#..## #.....##.....####
..#########..######..[..#
................@†......#
################.l..†...#
####.....# #.....# #######


You could see a frilled lizard.

Vanquished Creatures
  A worker ant (D:3)
  5 adders (D:2)
  3 worms (D:2)
  3 leopard geckos
  8 bats
  6 giant cockroaches
  7 goblins
  3 hobgoblins
  7 kobolds
  5 frilled lizards
  8 rats
56 creatures vanquished.

Notes
Turn   | Place    | Note
-------+----------+-------------------------------------------
     0 | D:1      | Gildeon the Gnoll Wanderer began the quest for the Orb.
     0 | D:1      | Gildeon set off with: a potion of heal wounds, a potion of haste, a +0 robe, a +0 dagger, a ration
     0 | D:1      | Reached XP level 1. HP: 20/20 MP: 4/4
     2 | D:1      | Learned a level 1 spell: Apportation
   147 | D:1      | Reached XP level 2. HP: 22/26 MP: 5/5
   876 | D:2      | Reached XP level 3. HP: 8/31 MP: 7/7
  1283 | D:2      | Reached skill level 1 in Invocations
  1325 | D:2      | Reached skill level 1 in Short Blades
  1325 | D:2      | Reached skill level 1 in Long Blades
  1325 | D:2      | Reached skill level 1 in Axes
  1325 | D:2      | Reached skill level 1 in Maces & Flails
  1325 | D:2      | Reached skill level 1 in Polearms
  1325 | D:2      | Reached skill level 1 in Staves
  1325 | D:2      | Reached skill level 1 in Slings
  1325 | D:2      | Reached skill level 1 in Bows
  1325 | D:2      | Reached skill level 1 in Crossbows
  1325 | D:2      | Reached skill level 1 in Armour
  1325 | D:2      | Reached skill level 1 in Shields
  1325 | D:2      | Reached skill level 1 in Evocations
  1394 | D:2      | Found a glowing silver altar of Zin.
  1403 | D:2      | Reached XP level 4. HP: 29/38 MP: 8/8
  1734 | D:2      | Upgraded the game from 0.22-a0-525-gf69a080 to 0.22-a0-533-g4d20840
  2147 | D:2      | Reached skill level 1 in Conjurations
  2147 | D:2      | Reached skill level 1 in Hexes
  2147 | D:2      | Reached skill level 1 in Summonings
  2147 | D:2      | Reached skill level 1 in Necromancy
  2147 | D:2      | Reached skill level 1 in Translocations
  2147 | D:2      | Reached skill level 1 in Transmutations
  2147 | D:2      | Reached skill level 1 in Fire Magic
  2147 | D:2      | Reached skill level 1 in Ice Magic
  2147 | D:2      | Reached skill level 1 in Air Magic
  2147 | D:2      | Reached skill level 1 in Earth Magic
  2147 | D:2      | Reached skill level 1 in Poison Magic
  2152 | D:2      | Learned a level 3 spell: Lesser Beckoning
  2549 | D:3      | Reached XP level 5. HP: 4/43 MP: 9/9
  2551 | D:3      | HP: 2/43 [poisoned by a worker ant]
  2552 | D:3      | Succumbed to a worker ant's poison

Vault maps used:
D:1:      lightli_arrival_statuegarden, minmay_misc_feat_alley,
          supply_closet_lemuel
D:2:      zin_academy, kennysheep_doodads, minmay_misc_feat_four_crosses,
          minmay_close_crescents
D:3:      lexackson_kobold_supper

Skill      XL: |  1  2  3  4 |
---------------+-------------+-----
Invocations    | 1 |  1.5
Short Blades   | 1 |  1.3
Long Blades    | 1 |  1.3
Axes           | 1 |  1.3
Maces & Flails | 1 |  1.3
Polearms       | 1 |  1.3
Staves         | 1 |  1.3
Slings         | 1 |  1.3
Bows           | 1 |  1.3
Crossbows      | 1 |  1.3
Armour         | 1 |  1.3
Shields        | 1 |  1.3
Evocations     | 1 |  1.3
Spellcasting   | 3 |  3.1
Conjurations   | 1 |  1.1
Hexes          | 1 |  1.1
Summonings     | 1 |  1.1
Necromancy     | 1 |  1.1
Translocations | 1 |  1.1
Transmutations | 1 |  1.1
Fire Magic     | 1 |  1.1
Ice Magic      | 1 |  1.1
Air Magic      | 1 |  1.1
Earth Magic    | 1 |  1.1
Poison Magic   | 1 |  1.1
Fighting       | |  4.7
Throwing       | |  4.7
Dodging        | |  2.9
Stealth        | |  2.7
Unarmed Combat | |  2.9
Charms         | |  3.9

Action                   |  1- 3 |  4- 6 || total
-------------------------+-------+-------++-------
Melee: Dagger            |    89 |    58 ||   147
       Bite              |     9 |     7 ||    16
       Punch             |     1 |     1 ||     2
  Use: Potion            |     3 |     3 ||     6
       Scroll            |     1 |     1 ||     2
 Stab: Sleeping          |     2 |     8 ||    10
  Eat: Chunk             |     1 |     4 ||     5
Armor: Robe              |    26 |    14 ||    40
Dodge: Dodged            |    73 |    60 ||   133

Table legend:
 A = Spawn XP
 B = Non-spawn XP
 C = Spawn XP percentage of total XP
 D = Spawn monster count
 E = Non-spawn monster count
 F = Spawn count percentage of total count
 G = Total turns spent on level
                    A         B        C        D         E        F      G
               +---------+---------+-------+---------+---------+-------+---------
         Total |       0 |     193 |   0.0 |       0 |      56 |   0.0 |  2552
               +---------+---------+-------+---------+---------+-------+---------
           D:1 |       0 |      32 |   0.0 |       0 |      20 |   0.0 |   855
           D:2 |       0 |     115 |   0.0 |       0 |      29 |   0.0 |  1557
           D:3 |       0 |      46 |   0.0 |       0 |       7 |   0.0 |   140
               +---------+---------+-------+---------+---------+-------+---------
